 Dungeon Crawl Stone Soup version 0.29.1-13-g9f3cf754e1 (webtiles) character file.

Game seed: 18025141751549104348

44 Heoruswealwe the Grave Robber (level 3, -1/19 HPs)
             Began as a Deep Elf Necromancer on Feb 2, 2023.
             Hit by a goblin thrown by Robin (2 damage)
             ... on level 2 of the Dungeon.
             The game lasted 00:14:15 (917 turns).

Heoruswealwe the Grave Robber (Deep Elf Necromancer) Turns: 917, Time: 00:14:15

Health: -1/19      AC:  3    Str:  5    XL:     3   Next: 39%
Magic:  3/10       EV: 12    Int: 21    God:
Gold:   61         SH:  0    Dex: 15    Spells: 8/9 levels left

rFire   . . .      SeeInvis .   i - staff of death
rCold   . . .      Faith    .   (no shield)
rNeg    + . .      Spirit   .   a - +0 robe
rPois   .          Reflect  .   (no helmet)
rElec   .          Harm     .   q - +0 cloak
rCorr   .          Rampage  .   (no gloves)
Will    .....                   (no boots)
Stlth   ++........              (no amulet)
HPRegen 0.06/turn               (no ring)
MPRegen 0.12/turn               (no ring)

@: no status effects
A: no striking features
a: no special abilities


You were on level 2 of the Dungeon.
You visited 1 branch of the dungeon, and saw 2 of its levels.

You collected 61 gold pieces.

Inventory:

Hand Weapons
 g - a +0 short sword
 j - a +0 club
 l - a +0 club
 m - a +0 dagger
Missiles
 c - 6 poisoned darts
 f - 9 stones
Armour
 a - a +0 robe (worn)
 n - a +0 helmet
 q - a +0 cloak (worn)
 r - a +0 leather armour
Magical Staves
 i - a staff of death (weapon)
Jewellery
 k - a ring of fire
Scrolls
 e - a scroll of butterflies {unknown}
 p - a scroll of teleportation {unknown}
Potions
 b - a potion of magic
 d - a potion of berserk rage {unknown}
 h - 2 potions of curing {unknown}
 o - a potion of invisibility {unknown}


   Skills:
 + Level 2.6(1.3) Dodging
 + Level 2.5(1.2) Stealth
 + Level 3.8(1.9) Spellcasting
 + Level 5.8(2.9) Necromancy


You had 8 spell levels left.
You knew the following spells:

 Your Spells              Type           Power      Damage    Failure   Level
a - Necrotise             Necr           84%        1d8       4%          1

Your spell library contained the following spells:

 Spells                   Type           Power      Damage    Failure   Level
 Vampiric Draining        Necr           21%        2d7       14%         3
 Animate Dead             Necr           21%        N/A       41%         4
 Agony                    Necr           21%        N/A       77%         5


Dungeon Overview and Level Annotations

Branches:
Dungeon (2/15)

Altars:
Ashenzari

Annotations:
D:2 Robin


Message History

You feel a surge of power!
The goblin writhes in agony.
A goblin comes into view.
It is wielding a +1 dagger of distortion.
The hobgoblin hits your quokka skeleton.
Robin throws the goblin at you!
The goblin hits your quokka skeleton with a +0 club.
Your quokka skeleton bites the goblin.
The goblin dies!
Casting: Necrotise (safe; 4% risk of failure)
Confirm with . or Enter, or press ? or * to list all spells.
Aiming: Necrotise (safe; 4% risk of failure)
Press: ? - help, Shift-Dir - straight line, f - goblin
Aim: a goblin, wielding a +1 dagger of distortion (chance to affect: 90%)
You feel a surge of power!
The goblin barely resists.
The goblin hits you with a +1 dagger of distortion.
Space warps horribly around you!
Ouch! That really hurt!
* * * LOW HITPOINT WARNING * * *
The hobgoblin hits your quokka skeleton.
Your quokka skeleton is destroyed!
A hobgoblin comes into view.
Your goblin skeleton barely misses the goblin.
Casting: Necrotise (safe; 4% risk of failure)
Confirm with . or Enter, or press ? or * to list all spells.
Aiming: Necrotise (safe; 4% risk of failure)
Press: ? - help, Shift-Dir - straight line, f/p - goblin
Aim: a goblin, wielding a +1 dagger of distortion (chance to affect: 90%)
You feel a surge of power!
The goblin writhes in agony.
You kill the goblin!
The dead are walking!
Casting: Necrotise (safe; 4% risk of failure)
Confirm with . or Enter, or press ? or * to list all spells.
Aiming: Necrotise (safe; 4% risk of failure)
Press: ? - help, Shift-Dir - straight line, f - rat
Aim: a rat (ally target, chance to affect: 90%)
You feel a surge of power!
The rat writhes in agony!
You kill the rat!
The dead are walking!
The goblin unwields a +0 dagger.
The goblin wields a +0 sling.
The goblin shoots a sling bullet.
The sling bullet closely misses you. Robin throws the goblin at you!
You die...

#.# #...... #.#
#...... #.######
#...... #.#....#
..(.... #.#Z##.#
....).Z #.#.<# #
..)Z...##.#..#
..gg...Z#.#..#
§g.....@#.#..#
.######g#.#..#
#.#.#..#
#.#.#..#
#.####.#.####..#
#..............#
######^#.#.###.#
#......#...
#...##.# ###


You could see Robin, 2 hobgoblins, a goblin, a friendly rat skeleton and 2
friendly goblin skeletons.

Vanquished Creatures
  An adder (D:2)
  2 dart slugs (D:1)
  3 endoplasms (D:1)
  6 goblins
  5 hobgoblins (D:1)
  2 quokkas
  2 ball pythons (D:1)
  2 bats (D:1)
  A frilled lizard (D:1)
  3 rats
27 creatures vanquished.

Vanquished Creatures (collateral kills)
  A goblin (D:2)
  A ball python (D:1)
  A kobold (D:1)
3 creatures vanquished.

Grand Total: 30 creatures vanquished

Notes
Turn   | Place    | Note
-------+----------+-------------------------------------------
     0 | D:1      | Heoruswealwe the Deep Elf Necromancer began the quest for
                  | the Orb.
     0 | D:1      | Reached XP level 1. HP: 10/10 MP: 6/6
     6 | D:1      | Noticed a lindwurm
     6 | D:1      | Noticed a redback
     6 | D:1      | Noticed a wyvern
     6 | D:1      | Noticed a black bear
     6 | D:1      | Noticed a salamander
   124 | D:1      | Reached skill level 5 in Necromancy
   150 | D:1      | Reached XP level 2. HP: 15/15 MP: 4/8
   242 | D:1      | Reached XP level 3. HP: 16/19 MP: 1/10
   472 | D:1      | Found a faded altar of an unknown god.
   511 | D:1      | Prayed at the altar of an unknown god.
   511 | D:1      | Became a worshipper of Ashenzari the Shackled
   512 | D:1      | Fell from the grace of Ashenzari
   913 | D:2      | Noticed Robin
   917 | D:2      | Hit by a goblin thrown by Robin

Illustrated notes

Levels and vault maps discovered:
D:1:      onia_arrival_zoo_common, layout_basic, shapermc_ecumenical_altar_petra
D:2:      layout_basic, uniq_crazy_yiuf_cottage, uniq_robin

Skill      XL: |  1 |
---------------+----+-----
Necromancy     | 5 |  5.8
Dodging        | |  2.6
Stealth        | |  2.5
Spellcasting   | |  3.8

Action                   || total
-------------------------++-------
 Cast: Necrotise         ||    45
Invok: Renounce Religion ||     1
Armor: Robe              ||     2
Dodge: Dodged            ||     4
